 Dungeon Crawl Stone Soup version 0.31.0-11-ge490571c62 (webtiles) character file.

Game seed: 4889098618798381047

615 Gadfly the Insei (level 7, -1/52 HPs)
             Began as a Demonspawn Monk on Feb 2, 2024.
             Slain by an orc
             ... wielding a +0 whip
              (3 damage)
             ... on level 5 of the Dungeon.
             The game lasted 00:05:41 (4438 turns).

Gadfly the Insei (Demonspawn Monk)                  Turns: 4438, Time: 00:05:41

Health: -1/52      AC:  2    Str: 14    XL:     7   Next: 21%
Magic:  0/7        EV: 13    Int: 10    God:
Gold:   182        SH:  0    Dex: 15    Spells: 6/6 levels left

rFire   . .          .
                       - Unarmed
rCold   . . .        c - orb {light}
rNeg    + . .        a - +0 robe
rPois   .            e - melded +1 helmet
rElec   .            (cloak currently unavailable)
rCorr   .            (gloves currently unavailable)
SInv    .            (boots currently unavailable)
Will    .....        n - amulet of guardian spirit
Stlth   +            d - ring of positive energy
HPRegen 0.28/turn    h - ring of flight
MPRegen 0.10/turn

%: guardian spirit
@: beast-form, flying, glowing
A: beast (slay +1), claws 1, foul stench 1
a: Begin Untransformation


You were on level 5 of the Dungeon.
You were a hulking beast.
You visited 1 branch of the dungeon, and saw 5 of its levels.

You collected 234 gold pieces.
You spent 52 gold pieces at shops.

Inventory:

Armour
 a - a +0 robe (worn)
 c - an orb of light (worn)
 e - a +1 helmet (melded)
Jewellery
 d - a ring of positive energy (left claw)
 h - a ring of flight (right claw)
 n - an amulet of guardian spirit (around neck)
Talismans
 q - a beast talisman (active)
Scrolls
 g - a scroll of blinking
 m - a scroll of teleportation
 o - 2 scrolls of fog
 p - a scroll of identify
Potions
 b - a potion of ambrosia
 f - a potion of heal wounds
 i - 2 potions of haste {unknown}
 j - a potion of mutation
 k - a potion of lignification {unknown}
 l - a potion of attraction {unknown}


   Skills:
 + Level 3.5 Fighting
 + Level 3.7 Dodging
 * Level 4.5 Unarmed Combat
 * Level 3.8 Evocations
 * Level 3.0 Shapeshifting


You had 6 spell levels left.
You didn't know any spells.
Your spell library contained the following spells:

 Spells                   Type           Power      Damage    Failure   Level
 Lesser Beckoning         Tloc           0%         N/A       50%         2
 Fugue of the Fallen      Necr           0%         N/A       75%         3
 Gell's Gravitas          Tloc           0%         N/A       75%         3
 Ozocubu's Armour         Ice            0%         N/A       75%         3
 Teleport Other           Tloc           0%         N/A       75%         3
 Brom's Barrelling Bould  Conj/Erth      0%         2d3       98%         4
 Leda's Liquefaction      Alch/Erth      0%         N/A       98%         4
 Manifold Assault         Tloc           0%         N/A       98%         4
 Metabolic Englaciation   Hex/Ice        0%         N/A       100%        5


Dungeon Overview and Level Annotations

Branches:
Dungeon (5/15)
 Temple: D:4-7

Altars:
Cheibriados
Gozag
Kikubaaqudgha
Makhleb
Sif Muna
Trog
Vehumet
Yredelemnul

Shops:
D:1 *[:

Annotations:
D:4 2 runed translucent doors, Cadnt's ghost, amateur HuFi


Innate Abilities, Weirdness & Mutations

You are a hulking beast.
Your limbs bulge with bestial killing power. (Slay +1)
You have sharp fingernails.
You may rarely emit foul miasma when damaged in melee.


Message History

You are too injured to fight recklessly!
You are too injured to fight recklessly!
You are too injured to fight recklessly!
You are too injured to fight recklessly!
You are too injured to fight recklessly!
You are too injured to fight recklessly!
You are too injured to fight recklessly!
You are too injured to fight recklessly!
You are too injured to fight recklessly!
Unknown command.
The orc wizard casts a spell at you. The puff of flame hits you!
* * * LOW HITPOINT WARNING * * *
You scratch the orc priest.
The orc priest is heavily wounded.
You claw the orc wizard!
The orc wizard is heavily wounded.
The orc priest calls upon Beogh to heal the orc wizard.
The orc wizard is healed somewhat.
You scratch the orc wizard.
The orc wizard is severely wounded.
The orc wizard hits you with a +2 dagger of electrocution.
* * * LOW HITPOINT WARNING * * *
You are electrocuted!
* * * LOW HITPOINT WARNING * * *
You feel much better. The orc wizard barely misses you.
You barely miss the orc wizard.
The orc wizard is severely wounded.
You scratch the orc priest but do no damage.
The orc priest is heavily wounded.
You scratch the orc priest.
The orc priest is almost dead.
The orc wizard closely misses you.
You scratch the orc.
The orc is lightly wounded.
The orc wizard hits you with a +2 dagger of electrocution.
You are electrocuted!!
* * * LOW HITPOINT WARNING * * *
The orc priest barely misses you. The orc hits you with a +0 whip.
You die...

#..............##....#
###'#####......##....#
#.......#########....#
#.......#............#
#.......#............#
#.......#............'
#.......'............#
#...(...#............#
#...oho.###....##....#
#####o################
#......#.....##...##
#......#...........#
#......#...........'
#......#...........#
#......#.....##...##
#......#.....##'####
#......#......'.....


You could see an orc priest, an orc wizard and an orc.

Vanquished Creatures
  A black bear (D:5)
  A centaur (D:5)
  A phantom (D:5)
  A scorpion (D:4)
  2 bombardier beetles (D:5)
  A hound (D:5)
  3 orc priests
  5 adders
  2 dart slugs
  3 ribbon worms
  13 orcs
  7 endoplasms
  2 giant cockroaches
  7 goblins
  6 hobgoblins
  A jackal (D:2)
  A quokka (D:1)
  4 ball pythons
  5 bats (D:1)
  3 frilled lizards
  2 rats
71 creatures vanquished.

Notes
Turn   | Place    | Note
-------+----------+-------------------------------------------
     0 | D:1      | Gadfly the Demonspawn Monk began the quest for the Orb.
     0 | D:1      | Reached XP level 1. HP: 18/18 MP: 1/1
   147 | D:1      | Got Sif Muna's Monograph on Twinkling Silt
   202 | D:1      | Gained mutation: You have sharp fingernails. [demonic
                  | ancestry]
   202 | D:1      | Reached XP level 2. HP: 24/24 MP: 2/2
   328 | D:1      | Found Fiuzyzad's Assorted Antiques.
   427 | D:1      | Found Ewoqol's Armour Emporium.
   509 | D:1      | Found Qyb Lyej's Book Shoppe.
   799 | D:1      | Bought a purple potion for 26 gold pieces
   875 | D:2      | Reached skill level 1 in Evocations
   940 | D:2      | Reached skill level 3 in Unarmed Combat
   992 | D:2      | Reached skill level 1 in Shapeshifting
   992 | D:2      | Reached XP level 3. HP: 29/29 MP: 3/3
  1600 | D:1      | Bought a viscous green potion for 26 gold pieces
  2151 | D:3      | Reached XP level 4. HP: 34/35 MP: 4/4
  2466 | D:3      | Found a faded altar of an unknown god.
  2697 | D:4      | Noticed a scorpion
  2704 | D:4      | Killed a scorpion
  2705 | D:4      | Gained mutation: You may rarely emit foul miasma when
                  | damaged in melee. [demonic ancestry]
  2705 | D:4      | Reached XP level 5. HP: 28/41 MP: 3/5
  3356 | D:4      | Found a large runed translucent door.
  3356 | D:4      | Found a large runed translucent door.
  3359 | D:4      | Noticed Cadnt's ghost (amateur HuFi)
  3656 | D:5      | Entered Level 5 of the Dungeon
  3656 | D:5      | Found a burning altar of Makhleb.
  3678 | D:5      | Found a basalt altar of Yredelemnul.
  3679 | D:5      | Found a shimmering blue altar of Sif Muna.
  3684 | D:5      | Found an ancient bone altar of Kikubaaqudgha.
  3685 | D:5      | Found an opulent altar of Gozag.
  3685 | D:5      | Found a radiant altar of Vehumet.
  3685 | D:5      | Found a bloodstained altar of Trog.
  3686 | D:5      | Found a snail-covered altar of Cheibriados.
  3763 | D:5      | Noticed a black bear
  3774 | D:5      | Killed a black bear
  3775 | D:5      | Reached skill level 4 in Unarmed Combat
  3775 | D:5      | Reached XP level 6. HP: 38/47 MP: 2/6
  4285 | D:5      | Reached XP level 7. HP: 39/52 MP: 3/7
  4433 | D:5      | HP: 1/52 [orc wizard/+2 dagger of electrocution (10)]
  4438 | D:5      | HP: 2/52 [orc wizard/+2 dagger of electrocution (18)]
  4438 | D:5      | Slain by an orc

Illustrated notes

Levels and vault maps discovered:
D:1:      matt_arrival_los_fun, layout_loops_ring, serial_shops, shop,
          nicolae_shop_peninsula, nicolae_shop_competitors_out_of_business,
          kennysheep_doodads, grunt_decor_fettered, minmay_tromino_i2
D:2:      layout_loops_ring, st_stairs_5
D:3:      layout_basic, chequers_ecumenical_altar_lobes
D:4:      layout_layer_cave, ebering_ghost_disaster_area
D:5:      layout_gridville, mainiacjoe_overflow_cross_hatched, minitemple

Skill      XL: |  1  2  3  4  5  6  7 |
---------------+----------------------+-----
Evocations     | 1 2 3 |  3.8
Unarmed Combat | 3 4 |  4.5
Shapeshifting  | 1 2 3 |  3.0
Dodging        | 3 |  3.7
Fighting       | |  3.5

Action                     |  1- 3 |  4- 6 |  7- 9 || total
---------------------------+-------+-------+-------++-------
  Melee: Unarmed           |   110 |   124 |    23 ||   257
    Use: Scroll            |     7 |     2 |       ||     9
         Potion            |       |     3 |     1 ||     4
 Armour: Robe              |    40 |    53 |    13 ||   106
  Dodge: Dodged            |    75 |    74 |     9 ||   158
   Form: Beast             |       |       |     1 ||     1
